 Dungeon Crawl Stone Soup version 0.22-b1-26-g9dbaab1 (webtiles) character file.

1274 Lilu the Covert (level 8, -5/42 HPs)
             Began as a Spriggan Enchanter on Aug 8, 2018.
             Was an Initiate of Dithmenos.
             Slain by a slave (8 damage)
             ... led by Pikel
             ... on level 8 of the Dungeon on Aug 9, 2018.
             The game lasted 00:26:46 (9445 turns).

Lilu the Covert (Spriggan Enchanter)                Turns: 9445, Time: 00:26:48

Health: -5/42      AC:  2    Str:  6    XL:     8   Next: 28%
Magic:  12/13      EV: 18    Int: 16    God:    Dithmenos [......]
Gold:   400        SH:  0    Dex: 17    Spells: 9/12 levels left

rFire    . . .     SeeInvis +   I - +1 short sword (flame)
rCold    . . .     Gourm    .   (shield restricted)
rNeg     . . .     Faith    .   b - +0 robe
rPois    .         Spirit   .   (helmet restricted)
rElec    .         Reflect  .   (no cloak)
rCorr    .         Harm     .   (gloves unavailable)
MR       +....                  (boots unavailable)
Stlth    ++++......             i - amulet of magic regeneration
HPRegen  0.14/turn              (no ring)
MPRegen  0.38/turn              (no ring)

@: very quick
A: very small, unfitting armour, see invisible, herbivore, speed 3, slow
metabolism 2
a: Renounce Religion


You were on level 8 of the Dungeon.
You worshipped Dithmenos.
Dithmenos was noncommittal.
You were not hungry.

You visited 1 branch of the dungeon, and saw 8 of its levels.

You collected 400 gold pieces.

Inventory:

Hand Weapons
 a - a +1 dagger
 y - a +0 shortbow
 B - a +0 dagger of venom
 I - a +1 short sword of flaming (weapon)
Missiles
 c - 365 stones (quivered)
 k - 40 poisoned needles
 l - 26 sling bullets
 A - 27 arrows
Armour
 b - a +0 robe (worn)
 F - a cursed +0 buckler
Jewellery
 i - an amulet of magic regeneration (around neck)
 p - an uncursed amulet of guardian spirit
Wands
 n - a wand of flame (71)
Scrolls
 e - a scroll of blinking {unknown}
 g - 7 scrolls of remove curse
 j - 2 scrolls of enchant armour {unknown}
 o - 2 scrolls of teleportation
 q - a scroll of magic mapping {unknown}
 r - 2 scrolls of fear {unknown}
 s - 2 scrolls of fog {unknown}
 t - 6 scrolls of identify {unknown}
 v - a scroll of enchant weapon {unknown}
 x - 2 scrolls of amnesia {unknown}
 E - a scroll of holy word {unknown}
 G - a scroll of noise {unknown}
Potions
 f - 2 potions of lignification {unknown}
 h - a potion of mutation {unknown}
 m - a potion of resistance {unknown}
 u - a potion of invisibility {unknown}
 w - 2 potions of curing {unknown}
 z - a potion of heal wounds {unknown}
 C - a potion of brilliance {unknown}
 D - a potion of haste {unknown}
 H - a potion of agility {unknown}
Comestibles
 d - 2 rations


   Skills:
 - Level 4.2 Fighting
 + Level 4.6 Short Blades
 - Level 3.0 Dodging
 - Level 8.2 Stealth
 - Level 2.6 Spellcasting
 + Level 7.9 Hexes


You had 9 spell levels left.
You knew the following spells:

 Your Spells              Type           Power        Failure   Level  Hunger
a - Corona                Hex            ####...      1%          1    #......
b - Ensorcelled Hibernat  Hex/Ice        ##....       6%          2    ##.....

Your spell library contained the following spells:

 Spells                   Type           Power        Failure   Level  Hunger
 Confuse                  Hex            ####....     2%          3    ###....
 Tukima's Dance           Hex            ####....     2%          3    ###....
 Spider Form              Tmut/Pois      #.........   50%         3    ###....
 Blade Hands              Tmut           #.........   99%         5    ######.
 Ice Form                 Ice/Tmut       #.......     88%         4    #####..
 Sticks to Snakes         Tmut           #.......     28%         2    ##.....
 Beastly Appendage        Tmut           #.....       19%         1    #......
 Dazzling Spray           Conj/Hex       ##....       12%         3    ###....


Dungeon Overview and Level Annotations

Branches:
Dungeon (8/15)             Temple (0/1) D:7
   Lair: D:8-11

Altars:
Dithmenos
Nemelex Xobeh

Shops:
D:5 }

Annotations:
D:8 Pikel


Innate Abilities, Weirdness & Mutations

You are very small and have problems with some larger weapons.
You are too small for most types of armour.
You have supernaturally acute eyesight. (SInv)
You are a herbivore.
You cover ground extremely quickly.
You need to consume almost no food.


Message History

Found a stone staircase leading up and a stone staircase leading down.
The slave shouts!
Pikel shouts!
The slave shouts!
You hear a bark!
Casting: Corona (safe; 1% risk of failure)
Confirm with . or Enter, or press ? or * to list all spells.
Aiming: Ensorcelled Hibernation (safe; 6% risk of failure)
Press: ? - help, Shift-Dir - straight line, f - Pikel
Aim: Pikel, wielding a whip of flaming and wearing a robe (chance to defeat MR: 45%) Pikel looks drowsy...
The slave shouts! x2
The slave hits you. x2
An adder comes into view.
The slave hits you!
The adder hisses angrily.
You hit Pikel. You burn Pikel.
Pikel is lightly wounded.
A killer bee comes into view.
The slave misses you. The slave hits you!
* * * LOW HITPOINT WARNING * * *
The slave hits you!
You die...

#.# y.# #.#
#.########
##S....>..#
##.........#
##.pK.......#
#...@p...<..#
#...pp......#
#...........#
#......<....#
#.....#######
#.#.#.########
#............#
##...........#
##..........#


You could see Pikel, 4 slaves, a killer bee and an adder.

Vanquished Creatures
  2 sky beasts (D:5)
  A black bear (D:7)
  An ogre (D:6)
  A centaur (D:5)
  A big kobold (D:7)
  3 bullfrogs
  A howler monkey (D:5)
  A crimson imp (D:5)
  A bullfrog zombie (D:6)
  A jelly (D:5)
  2 bullfrog skeletons
  2 orc priests (D:4)
  An orc wizard (D:3)
  2 iguanas
  3 worker ants
  2 hound skeletons
  5 adders
  A shadow imp (D:7)
  An ooze (D:4)
  3 worms (D:2)
  A dart slug (D:1)
  2 leopard geckos
  21 orcs
  6 bats
  5 giant cockroaches
  6 goblins
  3 hobgoblins
  4 jackals
  3 quokkas
  6 frilled lizards
  6 kobolds
  4 rats
102 creatures vanquished.

Notes
Turn   | Place    | Note
-------+----------+-------------------------------------------
     0 | D:1      | Lilu the Spriggan Enchanter began the quest for the Orb.
     0 | D:1      | Reached XP level 1. HP: 9/9 MP: 5/5
   382 | D:1      | Reached skill level 1 in Fighting
   663 | D:1      | Reached XP level 2. HP: 7/14 MP: 3/6
  1799 | D:2      | Reached XP level 3. HP: 12/18 MP: 4/8
  2085 | D:2      | Learned a level 2 spell: Ensorcelled Hibernation
  2737 | D:2      | Reached XP level 4. HP: 24/24 MP: 4/9
  4254 | D:4      | Noticed a bullfrog
  4261 | D:4      | Killed a bullfrog
  4261 | D:4      | Reached XP level 5. HP: 16/29 MP: 7/10
  4540 | D:4      | Reached skill level 5 in Stealth
  4664 | D:4      | Reached skill level 6 in Stealth
  4825 | D:4      | Found a sparkling altar of Nemelex Xobeh.
  5045 | D:5      | Entered Level 5 of the Dungeon
  5047 | D:5      | Reached XP level 6. HP: 33/33 MP: 11/11
  5167 | D:5      | Noticed a sky beast
  5598 | D:5      | Reached skill level 7 in Stealth
  5603 | D:5      | Noticed a sky beast
  5610 | D:5      | Killed a sky beast
  5610 | D:5      | Reached skill level 8 in Stealth
  5762 | D:5      | Killed a sky beast
  5762 | D:5      | Reached skill level 5 in Hexes
  5762 | D:5      | Reached XP level 7. HP: 37/37 MP: 1/12
  6245 | D:5      | Found Ici Uqer's Gadget Boutique.
  8061 | D:4      | Reached XP level 8. HP: 16/42 MP: 4/13
  8697 | D:7      | Found a shadowy altar of Dithmenos.
  8813 | D:7      | Became a worshipper of Dithmenos the Shadowed
  8982 | D:7      | Found a staircase to the Ecumenical Temple.
  9437 | D:8      | Noticed Pikel
  9445 | D:8      | Slain by a slave

Skill      XL: |  1  2  3  4  5  6  7  8 |
---------------+-------------------------+-----
Fighting       | 1 2 3 4 |  4.2
Stealth        | 6 8 |  8.2
Hexes          | 5 7 |  7.9
Short Blades   | 3 4 |  4.6
Dodging        | |  3.0
Spellcasting   | |  2.6

Action                   |  1- 3 |  4- 6 |  7- 9 || total
-------------------------+-------+-------+-------++-------
Melee: Dagger            |   173 |   124 |   147 ||   444
       Short sword       |       |       |     8 ||     8
 Fire: Shortbow          |       |       |     9 ||     9
 Cast: Corona            |    33 |    17 |    14 ||    64
       Ensorcelled Hiber |     8 |    24 |    26 ||    58
  Use: Scroll            |       |       |     2 ||     2
 Stab: Sleeping          |    14 |    21 |    19 ||    54
       Distracted        |       |       |     1 ||     1
  Eat: Ration            |       |     2 |     5 ||     7
Armor: Robe              |    28 |    10 |     9 ||    47
Dodge: Dodged            |   151 |    90 |    88 ||   329
